cohdb
Replays
Latest Replays
All Replays
Popular Replays
Top Player Replays
Match Explorer
How It Works
Community
CoH3 Stats
Reddit
Sign in to upload your games and track your stats! →
Sign in with Steam
Match 44779417
Unlisted
Match 44779417
Overview
Messages
Build Orders
End
Selects Airborne Battlegroup
Selects Heavy Machine Gun Paradrop
Heavy Machine Gun Paradrop
Construct Weapon Support Center
Bazooka Squad
Heavy Machine Gun Paradrop
Bazooka Squad
Selects Paratrooper Squad Paradrop
Paratrooper Squad Paradrop
Air Support Center
Grasshopper Recon Run
Paratrooper Squad Paradrop
Paratrooper Squad Paradrop
Grasshopper Recon Run
Paratrooper Squad Paradrop
P-47 Strafing Run
Paratrooper Squad Paradrop
Grasshopper Recon Run
Selects Anti-tank Gun Team Paradrop
Engineer Squad
Selects Recon Loiter
Construct Tank Depot
Grasshopper Recon Run
Selects Supply Drop
Double Sortie
Air Supremacy
P-47 Strafing Run
Grasshopper Recon Run
M4(105) Sherman Bulldozer
Grasshopper Recon Run
P-47 Dive Bomb
Grasshopper Recon Run
Engineer Squad
M4(105) Sherman Bulldozer
Grasshopper Recon Run
P-47 Strafing Run
DaRtH VaDeRX2020
[TMI ] Marea
MZMZ
Agent-S
Gwangju's Hero Chun Doo-gwang
freedman1984
506767261
Deadly
0
0
Comments
sign in to comment!
No comments posted yet!